 Dungeon Crawl Stone Soup version 0.26-a0-466-g989023bd0d (webtiles) character file.

Game seed: 8605648592767003230

161 1player the Skirmisher (level 5, 21/42 HPs)
             Began as a Formicid Abyssal Knight on Aug 7, 2020.
             Was a Follower of Lugonu.
             Quit the game on level 4 of the Dungeon.
             The game lasted 00:08:28 (3508 turns).

1player the Skirmisher (Formicid Abyssal Knight)    Turns: 3508, Time: 00:08:29

Health: 21/42      AC:  7    Str: 18    XL:     5   Next: 70%
Magic:  6/6        EV:  9    Int: 11    God:    Lugonu [*.....]
Gold:   160        SH:  0    Dex: 10    Spells: 4/4 levels left

rFire    . . .     SeeInvis +   a - +1 mace
rCold    . . .     Faith    .   (no shield)
rNeg     . . .     Spirit   .   t - +0 scale mail
rPois    .         Reflect  .   (helmet unavailable)
rElec    .         Harm     .   (no cloak)
rCorr    .                      n - +0 pair of gloves
MR       .....                  (no boots)
Stlth    ..........             (no amulet)
HPRegen  0.14/turn              (no ring)
MPRegen  0.10/turn              (no ring)

@: no status effects
A: permanent stasis, dig shafts and tunnels, four strong arms, antennae 3
a: Dig, Shaft Self, Depart the Abyss, Renounce Religion


You were on level 4 of the Dungeon.
You worshipped Lugonu.
Lugonu was aware of your devotion.
You visited 1 branch of the dungeon, and saw 4 of its levels.
You visited the Abyss 1 time.

You collected 160 gold pieces.

Inventory:

Hand Weapons
 a - a +1 mace (weapon)
 b - a +0 hunting sling
Missiles
 l - 4 sling bullets
 o - 27 poisoned darts (quivered)
Armour
 n - a +0 pair of gloves (worn)
 t - a +0 scale mail (worn)
 v - a +0 leather armour
 y - a +0 kite shield
Jewellery
 g - a cursed -4 ring of intelligence {unknown}
Scrolls
 d - 3 scrolls of amnesia
 f - a scroll of remove curse {unknown}
 m - a scroll of blinking {unknown}
 p - a scroll of enchant armour {unknown}
 w - a scroll of magic mapping {unknown}
 x - a scroll of immolation {unknown}
Potions
 c - a potion of magic
 e - 3 potions of heal wounds {@q2}
 h - a potion of cancellation {unknown}
 i - 6 potions of flight
 r - a potion of resistance
 s - 4 potions of stabbing


   Skills:
 - Level 4.1 Fighting
 - Level 4.0 Maces & Flails
 + Level 2.3(2.5) Slings
 - Level 1.1(1.8) Throwing
 - Level 2.1 Armour
 - Level 0.8 Dodging
 - Level 2.1 Invocations


You had 4 spell levels left.
You didn't know any spells.
Your spell library was empty.

Dungeon Overview and Level Annotations

Branches:
Dungeon (4/15)
 Temple: D:4-7

Altars:
Hepliaklqana
Makhleb
Okawaru
Uskayaw
Xom
Yredelemnul

Annotations:
D:4 Dowan, Duvessa


Innate Abilities, Weirdness & Mutations

You cannot be hasted, slowed, berserked, paralysed or teleported.
You can dig through walls and to a lower floor.
Your four strong arms can wield two-handed weapons with a shield.
You have a pair of large antennae on your head. (SInv)


Message History

Duvessa is heavily wounded.
Duvessa hits you but does no damage.
You hit Duvessa.
Duvessa is heavily wounded.
Duvessa hits you but does no damage.
Dowan mumbles some strange words.
Dowan blinks!
Duvessa hits you with a +2 short sword of speed.
You hit Duvessa.
Duvessa is severely wounded.
Duvessa hits you with a +2 short sword of speed.
* * * LOW HITPOINT WARNING * * *
Okay, then.
Duvessa says, "My weaknesses are his strengths!"
Duvessa hits you but does no damage.
Press: ? - help, v - describe, . - travel
Here: Duvessa, wielding a +2 short sword of speed and wearing a +0 leather armour (severely wounded)
The floor.
Unknown command.
Are you sure you want to abandon this character and quit the game? (Confirm with "yes".)

#.# #.# #.# #.# #.#
#.# ###### #.#
.....##############.##
.....'...e.....e@....#
.....#################
.......# (..{.#.#
.......# .....###
.....# .....# (....#


You could see Duvessa and Dowan.

Vanquished Creatures
  A hound (D:4)
  An iguana (D:4)
  Robin (D:2)
  5 adders
  2 dart slugs
  5 bats
  3 giant cockroaches
  8 hobgoblins
  3 kobolds
  4 frilled lizards (D:2)
  10 goblins
  7 rats
50 creatures vanquished.

Notes
Turn   | Place    | Note
-------+----------+-------------------------------------------
     0 | Abyss:1  | 1player the Formicid Abyssal Knight began the quest for the
                  | Orb.
     0 | Abyss:1  | Reached XP level 1. HP: 18/18 MP: 2/2
    72 | Abyss:1  | Noticed a wretched star
    72 | Abyss:1  | Noticed a ynoxinul
    73 | D:1      | Escaped the Abyss
   287 | D:1      | Reached XP level 2. HP: 24/24 MP: 3/3
  1073 | D:2      | Reached * piety under Lugonu
  1073 | D:2      | Reached XP level 3. HP: 26/29 MP: 4/4
  1167 | D:2      | Found an iron altar of Okawaru.
  1179 | D:2      | Noticed Robin
  1226 | D:2      | Killed Robin
  1226 | D:2      | Reached XP level 4. HP: 12/35 MP: 5/5
  2196 | D:2      | Found a burning altar of Makhleb.
  2344 | D:2      | Found a basalt altar of Yredelemnul.
  2346 | D:2      | Found a hide-covered altar of Uskayaw.
  2346 | D:2      | Found a basalt altar of Yredelemnul.
  2348 | D:2      | Found a hazy altar of Hepliaklqana.
  2348 | D:2      | Found a basalt altar of Yredelemnul.
  2348 | D:2      | Found a shimmering altar of Xom.
  2880 | D:3      | Reached skill level 1 in Throwing
  2880 | D:3      | Reached XP level 5. HP: 39/42 MP: 6/6
  3156 | D:4      | Reached skill level 1 in Slings
  3395 | D:4      | Noticed Duvessa
  3395 | D:4      | Noticed Dowan
  3508 | D:4      | Quit the game

Illustrated notes

Levels and vault maps discovered:
D:1:      psy_arrival_conway, layout_loops_ring
D:2:      layout_rooms, lemuel_crystal_altar, doesnt_xom_only_xom,
          okawaru_trees_1, corexii_leaking_fountain, uniq_robin
D:3:      layout_loops_ring, minmay_misc_feat_x
D:4:      layout_basic, serial_shops, shop, uniq_duvessa

Skill      XL: |  1  2  3  4  5 |
---------------+----------------+-----
Maces & Flails | 3 4 |  4.0
Fighting       | 4 |  4.1
Throwing       | 1 |  1.1
Slings         | 2 |  2.3
Armour         | |  2.1
Dodging        | |  0.8
Invocations    | |  2.1

Action                   |  1- 3 |  4- 6 || total
-------------------------+-------+-------++-------
Melee: Mace              |    90 |    82 ||   172
 Fire: Hunting sling     |       |    13 ||    13
Throw: Dart              |       |     7 ||     7
Invok: Depart the Abyss  |     1 |       ||     1
 Abil: Dig               |     1 |     1 ||     2
  Use: Scroll            |     1 |     6 ||     7
       Potion            |       |     1 ||     1
Armor: Leather armour    |    31 |    39 ||    70
       Scale mail        |       |     9 ||     9
Dodge: Dodged            |    65 |    78 ||   143

Table legend: (Time is in decaauts)
 A = Elapsed time spent in this place.
 B = Non-inter-level travel time spent in this place.
 C = Inter-level travel time spent in this place.
 D = Time resting spent in this place.
 E = Time spent auto-exploring this place.
 F = Levels seen in this place.
 G = Mean time per level.
                   A        B        C        D        E       F      G
               +--------+--------+--------+--------+--------+-----+--------+
         Total |   3551 |   3377 |    174 |   1237 |   1328 |   5 |  710.2 |
       Dungeon |   3478 |   3304 |    174 |   1237 |   1311 |   4 |  869.5 |
         Abyss |     73 |     73 |      0 |      0 |     17 |   1 |   73.0 |
               +--------+--------+--------+--------+--------+-----+--------+

Top non-repeatable levels by time:
     D:1: 1235 daAuts
     D:2: 1191 daAuts
     D:3: 722 daAuts
     D:4: 329 daAuts
 Abyss:1: 73 daAuts
